 Dungeon Crawl Stone Soup version 0.22.0-18-ge075c0d (webtiles) character file.

32 sw3dish the Ruffian (level 3, -6/36 HPs)
             Began as a Troll Abyssal Knight on Aug 19, 2018.
             Was a Follower of Lugonu.
             Mangled by Sigmund
             ... wielding a +0 scythe
              (11 damage)
             ... on level 2 of the Dungeon.
             The game lasted 00:01:44 (956 turns).

sw3dish the Ruffian (Troll Abyssal Knight)           Turns: 956, Time: 00:01:44

Health: -6/36      AC:  5    Str: 20    XL:     3   Next: 8%
Magic:  3/3        EV: 10    Int:  8    God:    Lugonu [*.....]
Gold:   107        SH:  0    Dex: 10    Spells: 2/2 levels left

rFire    . . .     SeeInvis .     - Unarmed
rCold    . . .     Gourm    +   (no shield)
rNeg     . . .     Faith    .   a - +0 robe
rPois    .         Spirit   .   (helmet restricted)
rElec    .         Reflect  .   (no cloak)
rCorr    .         Harm     .   (gloves unavailable)
MR       .....                  (boots unavailable)
Stlth    +.........             (no amulet)
HPRegen  0.52/turn              (no ring)
MPRegen  0.08/turn              (no ring)

@: no status effects
A: large, unfitting armour, claws 3, fast metabolism 3, gourmand, regeneration
1, shaggy fur 1, tough skin 2
a: Depart the Abyss, Renounce Religion


You were on level 2 of the Dungeon.
You worshipped Lugonu.
Lugonu was aware of your devotion.
You were completely stuffed.

You visited 1 branch of the dungeon, and saw 2 of its levels.
You visited the Abyss 1 time.

You collected 107 gold pieces.

Inventory:

Armour
 a - a +0 robe (worn)
Scrolls
 c - 2 scrolls of identify {unknown}
 d - a scroll of immolation {unknown}
 i - a scroll of teleportation {unknown}
Potions
 e - a potion of flight {unknown}
 g - a potion of heal wounds {unknown}
 h - 2 potions of haste {unknown}
Comestibles
 b - 4 rations
 f - 2 chunks of flesh


   Skills:
 + Level 2.6 Fighting
 - Level 1.9 Dodging
 * Level 2.7 Unarmed Combat
 * Level 2.3 Invocations


You had 2 spell levels left.
You didn't know any spells.
Your spell library was empty.

Dungeon Overview and Level Annotations

Branches:
Dungeon (2/15)

Altars:

Annotations:
D:2 Sigmund


Innate Abilities, Weirdness & Mutations

You are too large for most types of armour.
You have claws for hands.
Your metabolism is lightning-fast.
You like to eat raw meat.
Your natural rate of healing is unusually fast.
You are covered in fur. (AC +1)
You have very tough skin. (AC +2)


Message History

Sigmund barely misses you.
You closely miss Sigmund.
A kobold comes into view. It is wielding a whip.
Sigmund hits you with a scythe!
You bump into the rock wall.
You feel less confused.
The kobold shouts!
You barely miss Sigmund. Sigmund barely misses you.
You scratch Sigmund but do no damage. Sigmund gestures at you while chanting.
The puff of flame hits you!
You closely miss Sigmund. Sigmund casts a spell at you.
The magic dart hits you!
You closely miss Sigmund. Sigmund hits you with a scythe!
* * * LOW HITPOINT WARNING * * *
You barely miss Sigmund.
Some of the chunks of flesh in your inventory have rotted away.
You closely miss Sigmund. Sigmund hits you with a scythe!
You die...

#. #..#. #. #...
#.###..#
######..##..#
..#.........#
#.#.........#
#K#.........#
#@#####.##..# #@#
#.##..# #.#
#.##..###### #.#
#..#........
#.######.#..###...
#.##.....#..# #...
#........#..# #...
####.....#..# #...
#........# ##..
#....#...# #..


You could see Sigmund and a kobold.

Vanquished Creatures
  An adder (D:2)
  A dart slug (D:1)
  A ball python (D:1)
  A giant cockroach (D:1)
  2 goblins
  2 hobgoblins
  3 kobolds
  2 quokkas
  3 bats (D:1)
  4 frilled lizards
  2 rats (D:1)
22 creatures vanquished.

Notes
Turn   | Place    | Note
-------+----------+-------------------------------------------
     0 | Abyss:1  | sw3dish the Troll Abyssal Knight began the quest for the Orb.
     0 | Abyss:1  | Reached XP level 1. HP: 22/22 MP: 1/1
    70 | Abyss:1  | Noticed a small abomination
   118 | D:1      | Escaped the Abyss
   248 | D:1      | Reached XP level 2. HP: 29/29 MP: 2/2
   372 | D:1      | Reached * piety under Lugonu
   733 | D:1      | Reached XP level 3. HP: 23/36 MP: 3/3
   940 | D:2      | Noticed Sigmund
   956 | D:2      | Mangled by Sigmund

Skill      XL: |  1  2 |
---------------+-------+-----
Invocations    | 2 |  2.3
Fighting       | |  2.6
Dodging        | |  1.9
Unarmed Combat | |  2.7

Action                   || total
-------------------------++-------
Melee: Unarmed           ||    76
Invok: Depart the Abyss  ||     1
  Eat: Chunk             ||    14
Armor: Robe              ||    33
Dodge: Dodged            ||    55
